 Dungeon Crawl Stone Soup version 0.22.1-2-g9c5b331 (webtiles) character file.

50 whitewolfNL the Skirmisher (level 3, 0/34 HPs)
             Began as a Minotaur Berserker on Nov 14, 2018.
             Was a Follower of Trog.
             Slain by Crazy Yiuf
             ... wielding a +2 quarterstaff of chaos
              (5 damage)
             ... on level 2 of the Dungeon.
             The game lasted 00:09:43 (2318 turns).

whitewolfNL the Skirmisher (Minotaur Berserker)     Turns: 2318, Time: 00:09:43

Health: 0/34       AC:  3    Str: 21    XL:     3   Next: 55%
Magic:  2/2        EV: 12    Int:  4    God:    Trog [*.....]
Gold:   76         SH:  0    Dex: 10    Spells: 2/2 levels left

rFire    + . .     SeeInvis .   a - +0 hand axe
rCold    . . .     Gourm    .   (no shield)
rNeg     . . .     Faith    .   l - +0 leather armour
rPois    .         Spirit   .   (helmet restricted)
rElec    .         Reflect  .   (no cloak)
rCorr    .         Harm     .   (no gloves)
MR       .....                  (no boots)
Stlth    +.........             (no amulet)
HPRegen  0.11/turn              j - ring of protection from fire
MPRegen  0.08/turn              (no ring)

@: lethally poisoned (0 -> -6), berserk cooldown, slowed, very slow
A: retaliatory headbutt, horns 2
a: Berserk, Renounce Religion


You were on level 2 of the Dungeon.
You worshipped Trog.
Trog was aware of your devotion.
You were very hungry.

You visited 1 branch of the dungeon, and saw 2 of its levels.

You collected 76 gold pieces.

Inventory:

Hand Weapons
 a - a +0 hand axe (weapon)
Missiles
 f - 32 arrows
Armour
 b - a +0 animal skin
 l - a +0 leather armour (worn)
Jewellery
 j - a ring of protection from fire (left hand)
Scrolls
 d - a scroll of noise {unknown}
 g - a scroll of amnesia {unknown}
 h - a scroll of enchant armour {unknown}
 i - a scroll of fog {unknown}
 k - a scroll of enchant weapon {unknown}
 m - a scroll of remove curse
 o - 3 scrolls of identify {unknown}
Potions
 e - 2 potions of berserk rage {unknown}
 n - 3 potions of lignification {unknown}
 q - a potion of mutation {unknown}
Comestibles
 c - 5 rations


   Skills:
 + Level 4.4 Fighting
   Level 0.3 Short Blades
 * Level 4.1 Axes
 + Level 2.5 Armour
 + Level 2.8 Dodging
 + Level 0.5 Stealth


You had 2 spell levels left.
You didn't know any spells.
Your spell library was empty.

Dungeon Overview and Level Annotations

Branches:
Dungeon (2/15)

Altars:
Elyvilon

Annotations:
D:2 Crazy Yiuf


Innate Abilities, Weirdness & Mutations

You reflexively headbutt those who attack you in melee.
You have a pair of horns on your head.


Message History

Crazy Yiuf hits you with a quarterstaff of chaos!
* * * LOW HITPOINT WARNING * * *
You completely miss Crazy Yiuf.
Crazy Yiuf is lightly wounded.
* * * LOW HITPOINT WARNING * * *
You feel sick. Crazy Yiuf closely misses you. You furiously retaliate!
You headbutt Crazy Yiuf!
Crazy Yiuf screams, "Whippet!"
Crazy Yiuf misses you. You furiously retaliate!
You headbutt Crazy Yiuf. You closely miss Crazy Yiuf. You headbutt Crazy Yiuf.
Crazy Yiuf is almost dead.
* * * LOW HITPOINT WARNING * * *
You feel sick. Crazy Yiuf barely misses you. You furiously retaliate!
You headbutt Crazy Yiuf, but do no damage.
You hit Crazy Yiuf.
Crazy Yiuf is almost dead.
* * * LOW HITPOINT WARNING * * *
You feel sick.
Crazy Yiuf hits you with a quarterstaff of chaos.
You die...

#####
#####
....#
#)..#
###.#
#.g.#
#.#
#.@.#
#.#
##'##
#.#
#.##
###.###
##.#
......#
#.##
###.#.#
##.#
#.#.#
##.##
#.#.#
##P..#
###.#.#
#P.PP#


You could see Crazy Yiuf.

Vanquished Creatures
  A hound skeleton (D:2)
  3 worms (D:2)
  5 bats (D:1)
  A giant cockroach (D:2)
  2 goblins (D:1)
  2 hobgoblins (D:2)
  4 jackals (D:2)
  2 kobolds
  2 quokkas (D:2)
  3 frilled lizards
  4 rats
  A fungus (D:2)
30 creatures vanquished.

Notes
Turn   | Place    | Note
-------+----------+-------------------------------------------
     0 | D:1      | whitewolfNL the Minotaur Berserker began the quest for the
                  | Orb.
     0 | D:1      | Reached XP level 1. HP: 19/19 MP: 0/0
   253 | D:1      | Reached XP level 2. HP: 27/27 MP: 1/1
  1277 | D:2      | Reached XP level 3. HP: 19/33 MP: 2/2
  1631 | D:2      | Found a white marble altar of Elyvilon.
  2306 | D:2      | Found a runed door.
  2311 | D:2      | Noticed Crazy Yiuf
  2318 | D:2      | Slain by Crazy Yiuf

Skill      XL: |  1  2 |
---------------+-------+-----
Fighting       | 4 |  4.4
Axes           | 4 |  4.1
Short Blades   | |  0.3
Armour         | |  2.5
Dodging        | |  2.8
Stealth        | |  0.5

Action                   || total
-------------------------++-------
Melee: Hand axe          ||    63
       Headbutt          ||    14
       Dagger            ||    22
Invok: Berserk           ||     2
  Use: Scroll            ||     1
  Eat: Chunk             ||     5
Armor: Animal skin       ||    15
       Leather armour    ||     6
Dodge: Dodged            ||    54
